 Dungeon Crawl Stone Soup version 0.24.0-13-gcf9b3192b9 (webtiles) character file.

Game seed: 1551189364773408574, levelgen mode: deterministic

84 Delamore the Chopper (level 4, -11/39 HPs)
             Began as a Hill Orc Fighter on Nov 9, 2019.
             Mangled by a gnoll
             ... wielding a +0 halberd
              (12 damage)
             ... on level 3 of the Dungeon.
             The game lasted 00:02:30 (1645 turns).

Delamore the Chopper (Hill Orc Fighter)             Turns: 1645, Time: 00:02:32

Health: -11/39     AC:  8    Str: 24    XL:     4   Next: 45%
Magic:  4/4        EV:  7    Int:  8    God:
Gold:   160        SH:  9    Dex: 10    Spells: 3/3 levels left

rFire    . . .     SeeInvis +   a - +0 war axe
rCold    . . .     Gourm    .   c - +0 shield
rNeg     . . .     Faith    .   b - +0 scale mail
rPois    .         Spirit   .   (no helmet)
rElec    .         Reflect  .   (no cloak)
rCorr    .         Harm     .   (no gloves)
MR       .....     Rnd*Tele +   l - +0 pair of boots
Stlth    ..........             (no amulet)
HPRegen  0.13/turn              g - ring of teleportation (curse)
MPRegen  0.09/turn              k - ring of see invisible

@: mighty
A: no striking features
a: no special abilities


You were on level 3 of the Dungeon.
You were hungry.

You visited 1 branch of the dungeon, and saw 3 of its levels.

You collected 160 gold pieces.

Inventory:

Hand Weapons
 a - a +0 war axe (weapon)
Missiles
 q - 3 curare-tipped darts (quivered)
Armour
 b - a +0 scale mail (worn)
 c - a +0 shield (worn)
 l - a +0 pair of boots (worn)
Jewellery
 g - a cursed ring of teleportation (left hand)
 k - a ring of see invisible (right hand)
Scrolls
 i - a scroll of teleportation
 j - a scroll of random uselessness
 r - a scroll of identify
Potions
 d - a potion of might
 e - a potion of lignification
 h - 4 potions of heal wounds {unknown}
 m - a potion of degeneration {unknown}
 n - a potion of resistance {unknown}
 o - 2 potions of brilliance {unknown}
 p - a potion of haste {unknown}
Comestibles
 f - 4 rations


   Skills:
 - Level 3.6 Fighting
 + Level 5.8 Axes
 - Level 3.2 Armour
 - Level 0.6 Dodging
 - Level 3.2 Shields


You had 3 spell levels left.
You didn't know any spells.
Your spell library was empty.

Dungeon Overview and Level Annotations

Branches:
Dungeon (3/15)

Altars:
Fedhas
Sif Muna
Trog


Message History

You tear a large gash into the net.
The gnoll hits you from afar with a +0 spear.
The gnoll hits you with a +4 whip!
The gnoll hits you from afar with a +0 halberd!
The gnoll hits you from afar with a +0 spear!
* * * LOW HITPOINT WARNING * * *
You feel very mighty all of a sudden. The gnoll hits you but does no damage.
The gnoll hits you with a +4 whip.
* * * LOW HITPOINT WARNING * * *
The gnoll hits you but does no damage. The gnoll barely misses you.
You shred the net and break free! The gnoll hits you but does no damage.
The gnoll closely misses you. You block the gnoll's attack.
You hit the gnoll.
The gnoll is heavily wounded.
The gnoll hits you but does no damage.
The gnoll hits you from afar with a +0 spear.
* * * LOW HITPOINT WARNING * * *
The gnoll hits you but does no damage. You block the gnoll's attack.
The gnoll hits you from afar with a +0 halberd!
You die...

#.# #.#.#. #.#
#.#.#. #.#
###### #.#.#.
#.# .....#
#...#. #.#
.....#########..
#.#
................
#(#
gg...#########..
#.####.g.[.# ##.
#....@g..# ##
##########


You could see 4 gnolls.

Vanquished Creatures
  An adder (D:3)
  3 oozes
  A worm (D:2)
  3 dart slugs
  2 leopard geckos
  2 orcs (D:3)
  2 giant cockroaches
  3 goblins
  9 hobgoblins
  A ball python (D:2)
  7 bats
  4 frilled lizards
  7 kobolds
  5 rats
50 creatures vanquished.

Notes
Turn   | Place    | Note
-------+----------+-------------------------------------------
     0 | D:1      | Delamore the Hill Orc Fighter began the quest for the Orb.
     0 | D:1      | Reached XP level 1. HP: 19/19 MP: 1/1
    38 | D:1      | Reached skill level 3 in Axes
    75 | D:1      | Reached XP level 2. HP: 26/26 MP: 2/2
   154 | D:1      | Reached skill level 4 in Axes
   684 | D:2      | Reached XP level 3. HP: 27/31 MP: 3/3
   776 | D:2      | Found a bloodstained altar of Trog.
   896 | D:2      | Reached skill level 5 in Axes
  1066 | D:2      | Found a shimmering blue altar of Sif Muna.
  1185 | D:3      | Reached XP level 4. HP: 39/39 MP: 4/4
  1617 | D:3      | Found a blossoming altar of Fedhas.
  1645 | D:3      | HP: 1/39 [gnoll/+0 spear (6)]
  1645 | D:3      | Mangled by a gnoll

Levels and vault maps discovered:
D:1:      evilmike_arrival_hilbert_curve, layout_loops_ring
D:2:      layout_rooms, lemuel_blue_sif_altar, bloody_trog,
          kennysheep_generic_room_9
D:3:      layout_loops_ring, overflow_temple_1_default, first_ration

Skill      XL: |  1  2  3 |
---------------+----------+-----
Axes           | 3 4 5 |  5.8
Fighting       | |  3.6
Armour         | |  3.2
Dodging        | |  0.6
Shields        | |  3.2

Action                   |  1- 3 |  4- 6 || total
-------------------------+-------+-------++-------
Melee: War axe           |   103 |    41 ||   144
  Use: Scroll            |     3 |       ||     3
       Potion            |       |     1 ||     1
  Eat: Chunk             |     1 |     1 ||     2
Armor: Scale mail        |    53 |    16 ||    69
Dodge: Dodged            |    38 |    12 ||    50
Block: Shield            |    50 |    21 ||    71
